 Dungeon Crawl Stone Soup version 0.30.1-11-g7821555f0a (webtiles) character file.

Game seed: 3487897731971844473

686 RancidPinata the Cudgeller (level 7, -4/44 HPs)
             Began as a Gargoyle Gladiator on Dec 20, 2023.
             Was an Initiate of Okawaru.
             Slain by a killer bee (7 damage)
             ... on level 6 of the Dungeon.
             The game lasted 00:12:36 (3367 turns).

RancidPinata the Cudgeller (Gargoyle Gladiator)     Turns: 3367, Time: 00:12:37

Health: -4/44      AC: 14    Str: 20    XL:     7   Next: 62%
Magic:  0/0        EV: 11    Int: 10    God:    Okawaru [......]
Gold:   70         SH:  0    Dex: 11    Spells: 6/6 levels left

rFire   . . .        B - +2 flail (protect)
rCold   . . .        (no shield)
rNeg    + . .        m - +0 ring mail "Uptuon" {rElec MP-9 Str+2 Slay+5}
rPois   ∞            c - +0 helmet
rElec   +            (no cloak)
rCorr   .            (no gloves)
SInv    .            D - +2 pair of boots
Will    .....        (no amulet)
Stlth   +            (no ring)
HPRegen 0.27/turn    (no ring)
MPRegen 0.07/turn

%: clarity
@: mighty
A: sickness immunity, AC +4, negative energy resistance 1, electricity
resistance, torment resistance 1, petrification resistance, clarity
a: Renounce Religion


You were on level 6 of the Dungeon.
You worshipped Okawaru.
Okawaru was noncommittal.
You visited 1 branch of the dungeon, and saw 5 of its levels.
You also visited: Sewer.

You collected 213 gold pieces.
You spent 143 gold pieces at shops.

Inventory:

Hand Weapons
 B - a +2 flail of protection (weapon)
Missiles
 a - 2 boomerangs
 d - 3 throwing nets
 e - a javelin
 v - 13 poisoned darts
 x - 25 stones (quivered)
Armour
 c - a +0 helmet (worn)
 m - the +0 ring mail "Uptuon" (worn) {rElec MP-9 Str+2 Slay+5}
   (You found it on level 2 of the Dungeon)

   Str:       It affects your strength (+2).
   Slay:      It affects your accuracy & damage with ranged weapons and melee
   (+5).
   rElec:     It insulates you from electricity.
   MP:        It affects your magic capacity (-9).
 w - a +3 leather armour
 D - a +2 pair of boots (worn)
Jewellery
 b - a +4 ring of protection
Wands
 t - a wand of digging (2)
Scrolls
 g - a scroll of teleportation {unknown}
 i - a scroll of brand weapon {unknown}
 j - 2 scrolls of identify {unknown}
 k - a scroll of fog {unknown}
 l - a scroll of immolation {unknown}
 o - 2 scrolls of blinking {unknown}
 u - 2 scrolls of enchant armour {unknown}
 y - a scroll of vulnerability {unknown}
 C - a scroll of fear {unknown}
Potions
 f - 2 potions of haste {unknown}
 h - 3 potions of mutation
 n - a potion of berserk rage
 p - 2 potions of brilliance {unknown}
 q - 2 potions of curing {unknown}
 r - a potion of cancellation {unknown}
 s - a potion of resistance {unknown}
 z - 3 potions of might
 A - a potion of heal wounds


   Skills:
 * Level 4.9 Fighting
 * Level 5.1 Maces & Flails
 + Level 3.0 Throwing
 + Level 2.9 Armour
 + Level 3.2 Dodging
 + Level 2.9 Stealth


You had 6 spell levels left.
You didn't know any spells.
Your spell library contained the following spells:

 Spells                   Type           Power      Damage    Failure   Level
 Blink                    Tloc           0%         N/A       67%         2
 Lesser Beckoning         Tloc           0%         N/A       67%         2
 Momentum Strike          Conj/Tloc      0%         3d8       67%         2


Dungeon Overview and Level Annotations

Branches:
Dungeon (4/15)              Sewer (visited)
 Temple: D:4-7

Altars:
Dithmenos
Okawaru

Shops:
D:2 ?   D:3 !   D:4 (


Innate Abilities, Weirdness & Mutations

You are immune to sickness and miasma.
Your stone body is resilient. (AC +4)
You are immune to poison.
You resist negative energy. (rN+)
You are resistant to electric shocks. (rElec)
You are resistant to unholy torment.
You are immune to petrification.
You possess an exceptional clarity of mind.


Message History

The killer bee closely misses you. The adder bites you but does no damage.
The killer bee stings you but does no damage.
The adder bites you but does no damage.
The killer bee attacks as you move away!
The killer bee stings you!
The killer bee attacks as you move away!
The killer bee stings you but does no damage.
The adder attacks as you move away! The adder bites you but does no damage.
The killer bee misses you.
A killer bee comes into view.
The killer bee completely misses you.
The killer bee stings you but does no damage.
The killer bee closely misses you.
The killer bee stings you but does no damage.
The killer bee barely misses you. x2; The killer bee stings you.
The killer bee stings you. The killer bee barely misses you.
The killer bee stings you but does no damage.
The killer bee closely misses you.
The killer bee attacks as you move away!
The killer bee stings you but does no damage.
The killer bee barely misses you.
You see here a +4 ring of protection.
b - a +4 ring of protection The killer bee stings you.
The killer bee closely misses you.
The killer bee stings you but does no damage.
The killer bee stings you. x3
The killer bee stings you. x2
* * * LOW HITPOINT WARNING * * *
The killer bee stings you.
* * * LOW HITPOINT WARNING * * *
It was a potion of might.
You feel very mighty all of a sudden. The killer bee stings you.
* * * LOW HITPOINT WARNING * * *
The killer bee stings you but does no damage.
The killer bee stings you.
* * * LOW HITPOINT WARNING * * *
The killer bee barely misses you. The killer bee closely misses you.
The killer bee stings you!
You die...

.##..........###...## .
##...........####...####...
....#.....##..# ###...#....
...##.....##..# #.....$.#.
..........#...####.5........
.##.##.................##y..
)###.##..........S.....#. ..
..../.....#....y#y.....).. .
................@yy.....[.
...............####......#.
.......##[..#### .......#
##...###......# ...#...
#..)........## ...#...
#...........# ...
####.....#### ... ##....#
##.###


You could see a lemure, 4 killer bees and an adder.

Vanquished Creatures
  Pargi (Sewer)
  A phantom (D:4)
  A bullfrog (D:6)
  A sleepcap (D:4)
  3 orc priests
  An iguana (D:4)
  5 orc wizards
  6 adders
  A shadow imp (D:6)
  4 worms
  16 orcs
  10 bats
  2 endoplasms (D:1)
  4 giant cockroaches
  8 goblins
  11 hobgoblins
  6 jackals (D:1)
  7 kobolds
  3 quokkas
  7 ball pythons
  3 frilled lizards
  3 rats (D:3)
104 creatures vanquished.

Notes
Turn   | Place    | Note
-------+----------+-------------------------------------------
     0 | D:1      | RancidPinata the Gargoyle Gladiator began the quest for the
                  | Orb.
     0 | D:1      | Reached XP level 1. HP: 12/12 MP: 1/1
   166 | D:1      | Reached XP level 2. HP: 18/18 MP: 2/2
   373 | D:1      | Reached XP level 3. HP: 22/22 MP: 3/3
   938 | D:2      | Identified the +0 ring mail "Uptuon" {rElec MP-9 Str+2
                  | Slay+5}
  1057 | D:2      | Found Gitoqe Zoar's Magic Scroll Boutique.
  1145 | D:2      | Reached skill level 1 in Stealth
  1149 | D:2      | Reached XP level 4. HP: 25/28 MP: 0/4
  1205 | D:2      | Reached skill level 1 in Armour
  1632 | D:3      | Found a shadowy altar of Dithmenos.
  1730 | D:3      | Reached XP level 5. HP: 17/32 MP: 0/5
  1880 | D:3      | Found a glowing drain.
  1897 | D:3      | Reached skill level 4 in Maces & Flails
  1914 | Sewer    | Entered a sewer
  1973 | Sewer    | Noticed Pargi
  1986 | Sewer    | Killed Pargi
  1987 | Sewer    | Reached XP level 6. HP: 27/38 MP: 0/6
  2648 | D:3      | Found Akhideuzo's Distillery.
  2656 | D:3      | Bought a potion of heal wounds for 55 gold pieces
  2656 | D:3      | Bought a potion of mutation for 88 gold pieces
  2836 | D:3      | Gained mutation: You possess an exceptional clarity of
                  | mind. [potion of mutation]
  2839 | D:4      | Found Gaiw's Weapon Shop.
  2912 | D:4      | Reached XP level 7. HP: 23/44 MP: 0/7
  3208 | D:4      | You fall into a shaft and drop 2 floors!
  3218 | D:6      | Found an iron altar of Okawaru.
  3227 | D:6      | Reached skill level 5 in Maces & Flails
  3233 | D:6      | Became a worshipper of Warmaster Okawaru
  3367 | D:6      | Slain by a killer bee

Illustrated notes

Levels and vault maps discovered:
D:1:      minmay_arrival_cross, layout_basic, minmay_tetromino_t2
D:2:      minmay_diamond_boxcup, layout_loops_ring, serial_shops,
          nicolae_shop_rolled_up
D:3:      cheibrodos_helix_gallery, layout_loops_cross,
          grunt_dithmenos_smoke_and_mirrors, cheibrodos_sewer_entry_sluice,
          serial_shops, shop, guppyfry_early_orc_mine
D:4:      layout_basic, kennysheep_mini, minmay_misc_feat_tiny,
          serial_bayou_pond_e, nicolae_stop_n_shop_2, uniq_ijyb
D:6:      minmay_flawed_box, layout_cave_pools, kennysheep_vampire_church,
          jmf_multi_god_temple2, okawaru_metal_pillars_3, serial_shops,
          kennysheep_mini_moat, grunt_ministairs_4, uniq_grinder, uniq_pikel,
          uniq_duvessa

Skill      XL: |  1  2  3  4  5  6  7 |
---------------+----------------------+-----
Throwing       | 2 3 |  3.0
Fighting       | 3 4 |  4.9
Stealth        | 1 2 |  2.9
Armour         | 1 2 |  2.9
Maces & Flails | 4 5 |  5.1
Dodging        | 3 |  3.2

Action                     |  1- 3 |  4- 6 |  7- 9 || total
---------------------------+-------+-------+-------++-------
  Melee: Flail             |    86 |   145 |    45 ||   276
         Punch             |       |     2 |       ||     2
  Throw: Stone             |       |    14 |       ||    14
         Throwing net      |       |     1 |       ||     1
    Use: Potion            |       |     1 |     1 ||     2
 Armour: Leather armour    |    36 |       |       ||    36
         Ring mail         |     4 |   114 |    25 ||   143
  Dodge: Dodged            |    68 |   126 |    37 ||   231
